 Dungeon Crawl Stone Soup version 0.24.0-37-gcf1ca852f1 (webtiles) character file.

Game seed: 17216158175445186605, levelgen mode: deterministic

54 FishyPogo the Skirmisher (level 3, 0/30 HPs)
             Began as a Demonspawn Monk on Nov 30, 2019.
             Slain by an orc
             ... wielding a +0 club
              (7 damage)
             ... on level 3 of the Dungeon.
             The game lasted 00:04:27 (1335 turns).

FishyPogo the Skirmisher (Demonspawn Monk)          Turns: 1335, Time: 00:04:27

Health: 0/30       AC:  4    Str: 11    XL:     3   Next: 66%
Magic:  3/3        EV: 14    Int: 11    God:
Gold:   136        SH:  0    Dex: 20    Spells: 2/2 levels left

rFire    . . .     SeeInvis .   a - +0 short sword
rCold    . . .     Gourm    .   (no shield)
rNeg     . . .     Faith    .   b - +0 robe
rPois    .         Spirit   .   (no helmet)
rElec    .         Reflect  .   h - +0 cloak
rCorr    .         Harm     .   (no gloves)
MR       .....                  i - +0 pair of boots
Stlth    +++.......             (no amulet)
HPRegen  0.10/turn              (no ring)
MPRegen  0.08/turn              (no ring)

@: no status effects
A: thin skeletal structure 2
a: no special abilities


You were on level 3 of the Dungeon.
You were not hungry.

You visited 1 branch of the dungeon, and saw 3 of its levels.

You collected 136 gold pieces.

Inventory:

Hand Weapons
 a - a +0 short sword (weapon)
Missiles
 m - 31 stones (quivered)
Armour
 b - a +0 robe (worn)
 h - a +0 cloak (worn)
 i - a +0 pair of boots (worn)
Jewellery
 p - a +3 ring of strength {unknown}
Scrolls
 d - a scroll of random uselessness {unknown}
 g - a scroll of teleportation {unknown}
 j - 3 scrolls of identify {unknown}
 k - a scroll of fog {unknown}
 l - 4 scrolls of remove curse {unknown}
 r - a scroll of fear {unknown}
Potions
 e - a potion of brilliance {unknown}
 f - a potion of resistance {unknown}
 n - a potion of cancellation {unknown}
 o - 2 potions of curing {unknown}
Comestibles
 c - 4 rations
 q - 2 chunks of flesh


   Skills:
 * Level 3.7 Fighting
 - Level 3.0 Short Blades
 + Level 3.1 Dodging
 + Level 2.3 Stealth


You had 2 spell levels left.
You didn't know any spells.
Your spell library was empty.

Dungeon Overview and Level Annotations

Branches:
Dungeon (3/15)

Altars:


Innate Abilities, Weirdness & Mutations

You have a moderately thin skeletal structure. (Dex +4, Stealth+)


Message History

You hit the orc wizard.
The orc wizard is severely wounded.
The orc wizard casts a spell at you. The magic dart hits you.
You hit the orc wizard.
The orc wizard is almost dead.
The orc closely misses you.
The orc wizard casts a spell.
The orc wizard flickers and vanishes!
Deactivating autopickup; reactivate with Ctrl-A.
An orc comes into view. It is wielding a +0 hand axe.
You miss something. The orc misses you.
You hear some strange, mumbled words.
A puff of frost appears from out of thin air!
The puff of frost hits you!
* * * LOW HITPOINT WARNING * * *
Unknown command.
You barely miss something. Something hits you but does no damage.
The orc hits you with a +0 club!
You die...

#.# ..... .# #.# .... .#
#.# ... .# #.# ... .# #.#
#.# .# #.#
#.#######.######
#.#########.##...oo.......
#...........#.#{###.......
############.#.o@#########
#...#รท.......#
..............#.#
.#######......<..
#.....(#.. #.....##....
#....... ... #.#.####. ##
#.#.#


You could see an orc.

Vanquished Creatures
  2 adders (D:2)
  A dart slug (D:1)
  3 bats (D:2)
  A giant cockroach (D:1)
  8 goblins
  3 hobgoblins
  3 jackals (D:1)
  2 frilled lizards
  4 kobolds
  6 rats
33 creatures vanquished.

Notes
Turn   | Place    | Note
-------+----------+-------------------------------------------
     0 | D:1      | FishyPogo the Demonspawn Monk began the quest for the Orb.
     0 | D:1      | Reached XP level 1. HP: 18/18 MP: 1/1
   287 | D:1      | Gained mutation: You have a somewhat thin skeletal
                  | structure. (Dex +2, Stealth) [demonic ancestry]
   287 | D:1      | Reached XP level 2. HP: 24/24 MP: 2/2
   891 | D:2      | Gained mutation: You have a moderately thin skeletal
                  | structure. (Dex +4, Stealth+) [demonic ancestry]
   891 | D:2      | Reached XP level 3. HP: 29/29 MP: 3/3
  1335 | D:3      | Slain by an orc

Levels and vault maps discovered:
D:1:      psy_arrival_terrarium, layout_rooms
D:2:      layout_basic
D:3:      layout_loops_ring, minitemple, evilmike_ruin_ashenzari,
          ebering_ghost_sewer_f, grunt_decor_one_mirror

Skill      XL: |  1  2 |
---------------+-------+-----
Stealth        | 2 |  2.3
Short Blades   | 3 |  3.0
Dodging        | 3 |  3.1
Fighting       | |  3.7

Action                   || total
-------------------------++-------
Melee: Short sword       ||    93
Throw: Stone             ||     1
 Stab: Sleeping          ||     9
  Eat: Chunk             ||     1
Armor: Robe              ||    13
Dodge: Dodged            ||    52
